 Dungeon Crawl Stone Soup version 0.23.0 (webtiles) character file.

Game seed: 14059500752689614597

248 Revguard the Slasher (level 5, 0/41 HPs)
             Began as a Demonspawn Monk on Feb 19, 2019.
             Slain by a worker ant (1 damage)
             ... on level 4 of the Dungeon.
             The game lasted 00:11:45 (3751 turns).

Revguard the Slasher (Demonspawn Monk)              Turns: 3751, Time: 00:11:46

Health: 0/41       AC:  8    Str: 12    XL:     5   Next: 86%
Magic:  5/5        EV: 10    Int: 12    God:
Gold:   197        SH:  0    Dex: 15    Spells: 4/4 levels left

rFire    . . .     SeeInvis .   a - +0 falchion
rCold    . . .     Gourm    .   (no shield)
rNeg     . . .     Faith    .   f - +0 scale mail
rPois    .         Spirit   .   (no helmet)
rElec    .         Reflect  .   (no cloak)
rCorr    +         Harm     .   (no gloves)
MR       .....                  (no boots)
Stlth    +.........             (no amulet)
HPRegen  0.13/turn              g - ring of resist corrosion
MPRegen  0.09/turn              (no ring)

@: lethally poisoned (0 -> -6)
A: slimy green scales 1
a: no special abilities


You were on level 4 of the Dungeon.
You were hungry.

You visited 1 branch of the dungeon, and saw 4 of its levels.

You collected 197 gold pieces.

Inventory:

Hand Weapons
 a - a +0 falchion (weapon)
Armour
 b - a +0 robe
 e - a +0 leather armour
 f - a +0 scale mail (worn)
 n - a +0 chain mail
Jewellery
 g - a ring of resist corrosion (left hand)
Scrolls
 d - a scroll of noise {unknown}
 i - 2 scrolls of remove curse
 j - a scroll of magic mapping {unknown}
 o - a scroll of identify
Potions
 k - 2 potions of flight
Comestibles
 c - 5 rations


   Skills:
 + Level 3.5 Fighting
 + Level 4.5 Long Blades
 + Level 2.0 Armour
 + Level 3.5 Dodging
 + Level 2.2 Stealth


You had 4 spell levels left.
You didn't know any spells.
Your spell library was empty.

Dungeon Overview and Level Annotations

Branches:
Dungeon (4/15)
 Temple: D:4-7

Altars:
Vehumet


Innate Abilities, Weirdness & Mutations

You are partially covered in slimy green scales. (AC +2)


Message History

You closely miss the scorpion.
The scorpion is severely wounded.
* * * LOW HITPOINT WARNING * * *
You feel sick. The scorpion closely misses you.
You riposte.
You hit the scorpion.
The scorpion is severely wounded.
You hit the scorpion but do no damage.
The scorpion is severely wounded.
The scorpion stings you.
* * * LOW HITPOINT WARNING * * *
You hit the scorpion.
The scorpion is almost dead.
* * * LOW HITPOINT WARNING * * *
You feel sick. The scorpion barely misses you.
You riposte.
You hit the scorpion.
You kill the scorpion!
Your Armour skill increases to level 2!
* * * LOW HITPOINT WARNING * * *
You feel sick. The worker ant bites you.
You die...

........'.....###.#########.....
........###..####.####..........
........# #>....................
........###......a#.#...........
..^.....+.#...#.....#...........
........#.#...#.#####...........
####......#...#.#...#...........
###########..(#.#.# #.####......
#.........#....a@<# #.# #.####
#.#######.#...##### #.# .#
........#.#.#......(..#
#.#####.#.#.#######.. #.#
#.#)#.....# #.# #.#)#.....#
#.#####.#)#.....#
#.#.............#
#.#.....#.......#


You could see a worker ant.

Vanquished Creatures
  A scorpion (D:4)
  An orc wizard (D:4)
  Jessica (D:3)
  4 adders
  An ooze (D:2)
  2 worms
  4 dart slugs
  3 leopard geckos
  7 orcs
  3 giant cockroaches (D:3)
  8 goblins
  9 hobgoblins
  2 jackals (D:3)
  A quokka (D:3)
  A ball python (D:4)
  11 bats
  5 frilled lizards
  10 kobolds
  8 rats
82 creatures vanquished.

Notes
Turn   | Place    | Note
-------+----------+-------------------------------------------
     0 | D:1      | Revguard the Demonspawn Monk began the quest for the Orb.
     0 | D:1      | Reached XP level 1. HP: 18/18 MP: 1/1
   274 | D:1      | Gained mutation: You are partially covered in slimy green
                  | scales. (AC +2) [demonic ancestry]
   274 | D:1      | Reached XP level 2. HP: 5/24 MP: 2/2
   610 | D:1      | Reached skill level 3 in Long Blades
   938 | D:2      | Reached XP level 3. HP: 26/29 MP: 3/3
  2038 | D:3      | Reached XP level 4. HP: 35/35 MP: 4/4
  2105 | D:3      | Reached skill level 1 in Armour
  2163 | D:3      | Noticed Jessica
  2182 | D:3      | Killed Jessica
  2182 | D:3      | Reached skill level 4 in Long Blades
  2498 | D:3      | Found a radiant altar of Vehumet.
  2510 | D:3      | Reached XP level 5. HP: 16/41 MP: 5/5
  3750 | D:4      | HP: 2/41 [poisoned by a scorpion]
  3751 | D:4      | Slain by a worker ant

Skill      XL: |  1  2  3  4  5 |
---------------+----------------+-----
Dodging        | 3 |  3.5
Long Blades    | 3 4 |  4.5
Stealth        | 2 |  2.2
Armour         | 1 2 |  2.0
Fighting       | |  3.5

Action                   |  1- 3 |  4- 6 || total
-------------------------+-------+-------++-------
Melee: Falchion          |   131 |   173 ||   304
  Use: Scroll            |     4 |     1 ||     5
       Potion            |       |     6 ||     6
 Stab: Sleeping          |     3 |     1 ||     4
       Distracted        |     1 |       ||     1
  Eat: Ration            |     1 |     1 ||     2
       Chunk             |       |     2 ||     2
Armor: Leather armour    |    41 |    47 ||    88
       Robe              |     3 |       ||     3
       Scale mail        |       |    42 ||    42
Dodge: Dodged            |   110 |   127 ||   237
       Rpst.: Falchion   |    33 |    45 ||    78
